 Dungeon Crawl Stone Soup version 0.28-a0-1555-g9ae15a6949 (webtiles) character file.

Game seed: 14358201605353179259

11 HallandMoats the Skirmisher (level 2, -2/26 HPs)
             Began as a Ghoul Monk on Jan 19, 2022.
             Was the Champion of Ignis.
             Slain by a quokka (3 damage)
             ... on level 1 of the Dungeon.
             The game lasted 00:00:28 (420 turns).

HallandMoats the Skirmisher (Ghoul Monk)             Turns: 420, Time: 00:00:29

Health: -2/26      AC:  5    Str: 14    XL:     2   Next: 25%
Magic:  1/1        EV: 11    Int:  5    God:    Ignis [******]
Gold:   37         SH:  0    Dex: 11    Spells: 1/1 levels left

rFire   + . .      SeeInvis .   a - +0 hand axe
rCold   + . .      Faith    .   (no shield)
rNeg    + + +      Spirit   .   c - +0 ring mail
rPois   ∞          Reflect  .   (no helmet)
rElec   .          Harm     .   (no cloak)
rCorr   .          Rampage  .   (no gloves)
Will    .....                   (no boots)
Stlth   +.........              (no amulet)
HPRegen 0.00/turn               (no ring)
MPRegen 0.07/turn               (no ring)

@: inhibited regen
A: claws 1, cold resistance 1, negative energy resistance 3, inhibited
regeneration, torment resistance 2
a: Renounce Religion, Fiery Armour, Foxfire Swarm, Rising Flame


You were on level 1 of the Dungeon.
You worshipped Ignis.
Ignis was exalted by your worship.
You visited 1 branch of the dungeon, and saw 1 of its levels.

You collected 37 gold pieces.

Inventory:

Hand Weapons
 a - a +0 hand axe (weapon)
Armour
 c - a +0 ring mail (worn)


   Skills:
 + Level 3.4 Fighting
 * Level 3.0 Axes
 + Level 0.4 Armour
 + Level 2.8 Dodging
 - Level 2.1 Stealth


You had one spell level left.
You didn't know any spells.
Your spell library was empty.

Dungeon Overview and Level Annotations

Branches:
Dungeon (1/15)

Altars:
Ignis


Innate Abilities, Weirdness & Mutations

You thrive by killing the living.
You are immune to poison.
You have sharp fingernails.
Your flesh is cold resistant. (rC+)
You are immune to negative energy. (rN+++)
You do not regenerate when monsters are visible.
You are immune to unholy pain and torment.


Message History

The goblin hits you with a +0 dagger. The goblin hits you with a +0 dagger.
The quokka bites you. The goblin hits you but does no damage.
The quokka closely misses you. The goblin closely misses you.
The quokka closely misses you. The quokka bites you.
The goblin barely misses you. The quokka closely misses you.
The goblin closely misses you. The quokka closely misses you.
The goblin completely misses you. The quokka barely misses you.
The goblin hits you but does no damage. The quokka closely misses you.
The goblin hits you but does no damage. The quokka bites you.
The quokka closely misses you. The goblin hits you but does no damage.
The quokka bites you. The goblin closely misses you.
The quokka bites you but does no damage.
The goblin hits you with a +0 dagger. The quokka barely misses you.
The goblin hits you with a +0 dagger. The quokka barely misses you.
The goblin hits you with a +0 dagger.
The quokka bites you but does no damage.
The quokka bites you but does no damage.
The goblin misses you. The quokka misses you.
The goblin hits you but does no damage. The quokka bites you.
* * * LOW HITPOINT WARNING * * *
The goblin misses you.
The quokka bites you but does no damage.
The goblin hits you with a +0 dagger.
* * * LOW HITPOINT WARNING * * *
The quokka barely misses you. The goblin barely misses you.
The quokka bites you but does no damage.
The quokka closely misses you. The goblin hits you but does no damage.
The quokka closely misses you. The goblin barely misses you.
The quokka barely misses you. The goblin closely misses you.
The quokka bites you but does no damage.
The goblin hits you but does no damage. The quokka bites you.
* * * LOW HITPOINT WARNING * * *
The goblin hits you but does no damage. The quokka barely misses you.
The quokka bites you but does no damage.
The goblin hits you but does no damage. The quokka bites you.
You die...

#. # ## . ###..
... .. ..#.#....
...#####.#.#..#
.........#.....
......r....#.# ...
......g@...#.##..#
.
...#####.........#
#.
...........†......
..
......####..#.....
.# ..... #..#..###
.# #... #.....# .#
#.. ####.##.###.
.# #.#
#........... .##
###.####
#.##.....##.


You could see a quokka and a goblin.

Vanquished Creatures
  2 endoplasms (D:1)
  3 giant cockroaches (D:1)
  2 hobgoblins (D:1)
  2 rats (D:1)
9 creatures vanquished.

Notes
Turn   | Place    | Note
-------+----------+-------------------------------------------
     0 | D:1      | HallandMoats the Ghoul Monk began the quest for the Orb.
     0 | D:1      | Reached XP level 1. HP: 19/19 MP: 0/0
   235 | D:1      | Reached XP level 2. HP: 25/26 MP: 1/1
   381 | D:1      | Found a faded altar of an unknown god.
   391 | D:1      | Prayed at the altar of an unknown god.
   391 | D:1      | Became a worshipper of Ignis, the Dying Flame
   391 | D:1      | Reached ****** piety under Ignis
   418 | D:1      | HP: 1/26 [quokka (2)]
   420 | D:1      | Slain by a quokka

Illustrated notes

Levels and vault maps discovered:
D:1:      wander_arrival_lonely_grave, layout_loops_cross,
          basic_ecumenical_altar

Skill      XL: |  1  2 |
---------------+-------+-----
Axes           | 3 |  3.0
Fighting       | |  3.4
Armour         | |  0.4
Dodging        | |  2.8
Stealth        | |  2.1

Action                   || total
-------------------------++-------
Melee: Hand axe          ||    27
Armor: Robe              ||     3
       Ring mail         ||    19
Dodge: Dodged            ||    44

Table legend: (Time is in decaauts)
 A = Elapsed time spent in this place.
 B = Non-inter-level travel time spent in this place.
 C = Inter-level travel time spent in this place.
 D = Time resting spent in this place.
 E = Time spent auto-exploring this place.
 F = Levels seen in this place.
 G = Mean time per level.
                   A        B        C        D        E       F      G
               +--------+--------+--------+--------+--------+-----+--------+
         Total |    424 |    424 |      0 |      0 |    317 |   1 |  424.0 |
       Dungeon |    424 |    424 |      0 |      0 |    317 |   1 |  424.0 |
               +--------+--------+--------+--------+--------+-----+--------+

Top non-repeatable levels by time:
     D:1: 424 daAuts
